 Dungeon Sprint DCSS version 0.22.1-2-g9c5b331383 (webtiles) character file.

942 Groucho the Unseen (level 7, -11/32 HPs)
             Began as a Spriggan Enchanter on Jan 5, 2019.
             Was a High Priest of Dithmenos.
             Mangled by an orc knight
             ... wielding a +0 long sword
              (24 damage)
             ... in the Dungeon (Sprint VII: "The Pits").
             The game lasted 00:07:09 (621 turns).

Groucho the Unseen (Spriggan Enchanter)              Turns: 621, Time: 00:07:10

Health: -11/32     AC:  2    Str:  6    XL:     7   Next: 88%
Magic:  10/22      EV: 19    Int: 16    God:    Dithmenos [*****.]
Gold:   0          SH:  0    Dex: 17    Spells: 18/27 levels left

rFire    . . .     SeeInvis +   a - +2 dagger
rCold    . . .     Gourm    .   (shield restricted)
rNeg     . . .     Faith    .   b - +0 robe
rPois    .         Spirit   .   (helmet restricted)
rElec    .         Reflect  .   (no cloak)
rCorr    .         Harm     .   (gloves unavailable)
MR       +....     NoTele   +   (boots unavailable)
Stlth    ++++++++++             (no amulet)
HPRegen  0.10/turn              (no ring)
MPRegen  0.18/turn              (no ring)

@: wreathed by umbra, very quick
A: very small, unfitting armour, see invisible, herbivore, speed 3, slow
metabolism 2
a: Shadow Step, Shadow Form, Renounce Religion


You were in the Dungeon.
You worshipped Dithmenos.
Dithmenos was extremely pleased with you.
You were not hungry.

You visited 1 branch

Inventory:

Hand Weapons
 a - a +2 dagger (weapon)
 o - a +1 dagger of venom
Missiles
 n - 9 stones (quivered)
Armour
 b - a +0 robe (worn)
Scrolls
 j - a scroll of blinking
 k - 3 scrolls of remove curse
 l - 5 scrolls of amnesia
 m - a scroll of summoning
Potions
 c - a potion of invisibility
 e - 5 potions of curing
 f - 6 potions of heal wounds
 h - 3 potions of magic
 i - 3 potions of berserk rage
Comestibles
 d - 9 rations


   Skills:
 - Level 1.1 Short Blades
 + Level 4.0 Dodging
 - Level 17.4 Stealth
 + Level 10.6 Spellcasting
 * Level 11.1 Hexes


You had 18 spell levels left.
You knew the following spells:

 Your Spells              Type           Power        Failure   Level  Hunger
a - Corona                Hex            #####..      1%          1    None
b - Ensorcelled Hibernat  Hex/Ice        ####..       1%          2    None
c - Confuse               Hex            #####...     1%          3    None
d - Dazzling Spray        Conj/Hex       ####..       2%          3    None

Your spell library contained the following spells:

 Spells                   Type           Power        Failure   Level  Hunger
 Tukima's Dance           Hex            #####...     1%          3    None


Dungeon Overview and Level Annotations

Branches:
Dungeon (1/1)

Altars:
Ashenzari
Cheibriados
Dithmenos
Elyvilon
Fedhas
Gozag
Hepliaklqana
Kikubaaqudgha
Makhleb
Nemelex Xobeh
Okawaru
Qazlal
Ru
Sif Muna
Trog
Uskayaw
Vehumet
Wu Jian
Xom
Yredelemnul
Zin
The Shining One
Beogh
Jiyva
Lugonu


Innate Abilities, Weirdness & Mutations

You are very small and have problems with some larger weapons.
You are too small for most types of armour.
You have supernaturally acute eyesight. (SInv)
You are a herbivore.
You cover ground extremely quickly.
You need to consume almost no food.


Message History

Unknown command.
Casting: Dazzling Spray (safe; 2% risk of failure)
Confirm with . or Enter, or press ? or * to list all spells.
Aiming: Dazzling Spray (safe; 2% risk of failure)
Press: ? - help, Shift-Dir - straight line, f/p - vampire
Aim: a vampire (lightly damaged, confused, umbra)
The spray of energy hits the vampire.
The vampire is lightly damaged.
The spray of energy hits the orc knight.
The orc knight is lightly wounded.
Casting: Dazzling Spray (safe; 2% risk of failure)
Confirm with . or Enter, or press ? or * to list all spells.
Aiming: Ensorcelled Hibernation (safe; 1% risk of failure)
Press: ? - help, Shift-Dir - straight line, f - orc knight, p - vampire
Aim: an orc knight, wielding a long sword and wearing a chain mail (lightly The orc knight easily resists.
The vampire looks very confused.
The orc knight hits you with a long sword!!
Ouch! That really hurt!
You die...

#.#........##.......#
#'###########.......#
#.......#).##########
#.......#)######
#..)#...#)#....#
#..###§§#V#...
#).)#§§§#.oo.oo+
#...)..§#o#....#
#)..§§§)@÷#.o.V#
########### ####


You could see an orc knight, a vampire (confused), an orc warrior and an orc.

Vanquished Creatures
  A jumping spider (D)
  A warg (D)
  A black bear (D)
  2 orc warriors (D)
  An ogre (D)
  A big kobold (D)
  A bullfrog (D)
  2 orc wizards (D)
  An orc priest (D)
  An iguana (D)
  A river rat (D)
  2 oozes (D)
  A leopard gecko (D)
  4 orcs (D)
  A goblin (D)
  A hobgoblin (D)
  2 ball pythons (D)
  2 rats (D)
26 creatures vanquished.

Vanquished Creatures (others)
  An orc (D)
1 creature vanquished.

Grand Total: 27 creatures vanquished

Notes
Turn   | Place    | Note
-------+----------+-------------------------------------------
     0 | D        | Groucho the Spriggan Enchanter began the quest for the Orb.
     0 | D        | Reached XP level 1. HP: 9/9 MP: 5/5
    13 | D        | Reached skill level 6 in Stealth
    13 | D        | Reached XP level 2. HP: 13/13 MP: 5/7
    44 | D        | Found a bloodstained altar of Trog.
    44 | D        | Found a deep blue altar of Sif Muna.
    44 | D        | Found a viscous altar of Jiyva.
    44 | D        | Found a hazy altar of Hepliaklqana.
    44 | D        | Found an opulent altar of Gozag.
    45 | D        | Found a glowing golden altar of the Shining One.
    45 | D        | Found a glowing silver altar of Zin.
    45 | D        | Found a basalt altar of Yredelemnul.
    45 | D        | Found a shimmering altar of Xom.
    45 | D        | Found an ornate altar of the Wu Jian Council.
    45 | D        | Found a sacrificial altar of Ru.
    45 | D        | Found a stormy altar of Qazlal.
    45 | D        | Found an iron altar of Okawaru.
    45 | D        | Found a sparkling altar of Nemelex Xobeh.
    45 | D        | Found a burning altar of Makhleb.
    45 | D        | Found a blossoming altar of Fedhas.
    45 | D        | Found a white marble altar of Elyvilon.
    45 | D        | Found a shadowy altar of Dithmenos.
    45 | D        | Found a snail-covered altar of Cheibriados.
    48 | D        | Found a corrupted altar of Lugonu.
    48 | D        | Found a radiant altar of Vehumet.
    48 | D        | Found a roughly hewn altar of Beogh.
    49 | D        | Found an ancient bone altar of Kikubaaqudgha.
    49 | D        | Found a hide-covered altar of Uskayaw.
    49 | D        | Found a shattered altar of Ashenzari.
    65 | D        | Became a worshipper of Dithmenos the Shadowed
    85 | D        | Learned a level 2 spell: Ensorcelled Hibernation
    91 | D        | Reached * piety under Dithmenos
    91 | D        | Reached skill level 7 in Stealth
   121 | D        | Noticed a big kobold
   126 | D        | Reached ** piety under Dithmenos
   126 | D        | Reached skill level 5 in Hexes
   128 | D        | Killed a big kobold
   128 | D        | Reached skill level 10 in Stealth
   128 | D        | Reached skill level 5 in Spellcasting
   128 | D        | Reached XP level 3. HP: 16/16 MP: 7/11
   128 | D        | Reached XP level 4. HP: 21/21 MP: 7/12
   178 | D        | Noticed a black bear
   183 | D        | Noticed an ogre
   184 | D        | Reached *** piety under Dithmenos
   189 | D        | Killed a black bear
   189 | D        | Reached skill level 12 in Stealth
   189 | D        | Reached XP level 5. HP: 24/24 MP: 12/15
   191 | D        | Reached **** piety under Dithmenos
   191 | D        | Reached skill level 13 in Stealth
   196 | D        | Killed an ogre
   196 | D        | Reached skill level 14 in Stealth
   196 | D        | Reached XP level 6. HP: 28/28 MP: 13/18
   210 | D        | Noticed a jumping spider
   212 | D        | Killed a jumping spider
   212 | D        | Reached skill level 16 in Stealth
   212 | D        | Reached XP level 7. HP: 32/32 MP: 15/21
   224 | D        | Reached ***** piety under Dithmenos
   224 | D        | Reached skill level 10 in Hexes
   227 | D        | Reached skill level 10 in Spellcasting
   393 | D        | Noticed an orc knight
   393 | D        | Noticed a troll
   393 | D        | Noticed a vampire
   454 | D        | Learned a level 3 spell: Confuse
   460 | D        | Learned a level 3 spell: Dazzling Spray
   590 | D        | Reached skill level 17 in Stealth
   621 | D        | Mangled by an orc knight

Skill      XL: |  1  2  3  4  5  6  7 |
---------------+----------------------+-----
Stealth        | 6 10 12 14 16 17 | 17.4
Spellcasting   | 3 5 7 8 9 10 | 10.6
Hexes          | 4 6 7 8 9 11 | 11.1
Dodging        | 4 |  4.0
Short Blades   | |  1.1

Action                   |  1- 3 |  4- 6 |  7- 9 || total
-------------------------+-------+-------+-------++-------
Melee: Dagger            |     8 |    12 |    17 ||    37
Throw: Stone             |       |       |     1 ||     1
 Cast: Ensorcelled Hiber |     2 |       |    10 ||    12
       Confuse           |       |       |     4 ||     4
       Dazzling Spray    |       |       |     2 ||     2
Invok: Shadow Step       |       |       |     1 ||     1
  Use: Potion            |       |     2 |     2 ||     4
 Stab: Sleeping          |     8 |    12 |     6 ||    26
Dodge: Dodged            |     1 |       |    13 ||    14
